 Dungeon Crawl Stone Soup version 0.19.1-1-g22dce08 (webtiles) character file.

133 Yamifenrir the Gusty (level 4, 0/33 HPs)
             Began as a Draconian Air Elementalist on Jan 4, 2017.
             Succumbed to a worker ant's poison
             ... on level 3 of the Dungeon on Jan 9, 2017.
             The game lasted 00:29:38 (3773 turns).

Yamifenrir the Gusty (Draconian Air Elementalist)   Turns: 3773, Time: 00:29:38

Health: 0/33       AC:  5    Str: 10    XL:     4   Next: 93%
Magic:  1/8        EV: 12    Int: 16    God:
Gold:   95         SH:  0    Dex: 12    Spells: 2 memorised, 6 levels left

rFire  . . .     SeeInvis .     d - +0 hand axe
rCold  . . .     Gourm    .     (armour unavailable)
rNeg   . . .     Faith    .     (no shield)
rPois  .         Spirit   .     (helmet restricted)
rElec  .         Reflect  .     (no cloak)
rCorr  .         Harm     .     (no gloves)
MR     .....                    (no boots)
Stlth  ++........               (no amulet)
                                (no ring)
                                (no ring)

@: lethally poisoned (0 -> -7), very slightly contaminated
A: unfitting armour, cold-blooded, AC +5
a: no special abilities


You were on level 3 of the Dungeon.
You were not hungry.

You visited 1 branch of the dungeon, and saw 4 of its levels.

You collected 95 gold pieces.

Inventory:

Hand Weapons
 d - a +0 hand axe (weapon)
Missiles
 o - 86 stones (quivered)
Scrolls
 c - a scroll of recharging {unknown}
 g - 3 scrolls of fog {unknown}
 i - a scroll of magic mapping {unknown}
 m - a scroll of enchant armour {unknown}
 q - a scroll of amnesia {unknown}
 r - a scroll of remove curse {unknown}
 t - 2 scrolls of identify {unknown}
 v - a scroll of teleportation {unknown}
 w - a scroll of random uselessness {unknown}
Potions
 e - 3 potions of curing {unknown}
 f - a potion of brilliance {unknown}
 k - a potion of magic {unknown}
 n - a potion of haste {unknown}
 p - a potion of heal wounds {unknown}
 s - a potion of agility {unknown}
 u - a potion of lignification {unknown}
Books
 a - a book of Air

   Spells                             Type                      Level
   a - Shock                          Conjuration/Air              1
   b - Swiftness                      Charms/Air                   2
   c - Repel Missiles                 Charms/Air                   2
   d - Static Discharge               Conjuration/Air              3
   e - Lightning Bolt                 Conjuration/Air              5
Comestibles
 b - 2 bread rations
 h - a slice of pizza
 j - 2 beef jerkies
 l - 7 chunks of flesh


   Skills:
 - Level 1.8 Dodging
 - Level 1.7 Stealth
 + Level 3.1 Spellcasting
 - Level 1.1 Conjurations
 * Level 4.9 Air Magic


You had 6 spell levels left.
You knew the following spells:

 Your Spells              Type           Power        Failure   Level  Hunger
a - Shock                 Conj/Air       ##..         8%          1    None
b - Repel Missiles        Chrm/Air       ##....       12%         2    ##.....


Dungeon Overview and Level Annotations

Branches:
Dungeon (4/15)
 Temple: D:4-7

Altars:


Innate Abilities, Weirdness & Mutations

Your plain brown scales are hard. (AC +5)
You cannot fit into any form of body armour.
You are cold-blooded and may be slowed by cold attacks.


Message History

Confirm with . or Enter, or press ? or * to list all spells.
Aiming: Shock
Press: ? - help, Shift-Dir - straight line You miscast Shock.
You are very lightly contaminated with residual magic.
There is a short, sharp shower of sparks.
The worker ant bites you but does no damage.
You feel sick. The worker ant bites you.
* * * LOW HITPOINT WARNING * * *
You feel sick.
You feel sick. The worker ant bites you.
* * * LOW HITPOINT WARNING * * *
You are more poisoned.
The worker ant poisons you!
* * * LOW HITPOINT WARNING * * *
You feel sick.
* * * LOW HITPOINT WARNING * * *
You feel sick.
You die...

####.##........>.#....
##.....#.....##.......#
##.................##...
#..................##.#.
#..................##.#.
#...............##.##.#.
#.......<.......##.##.#.
#...............##.##...
##.....@.a.....###.###..
##...........## #..#..#
####.#.###### ##.....
#.#(# #..##.
#...##########..##.
#..................
#..#####.##........
#####..................
#........P....#####..##


You could see a worker ant.

Vanquished Creatures
  A worker ant (D:3)
  2 adders
  3 dart slugs
  A leopard gecko (D:3)
  4 orcs
  2 ball pythons
  5 giant cockroaches
  10 hobgoblins
  3 jackals (D:3)
  A quokka (D:2)
  10 bats
  10 frilled lizards
  12 goblins
  8 kobolds
  4 rats
76 creatures vanquished.

Notes
Turn   | Place    | Note
-------+----------+-------------------------------------------
     0 | D:1      | Yamifenrir the Draconian Air Elementalist began the quest for the Orb.
     0 | D:1      | Reached XP level 1. HP: 14/14 MP: 3/3
   260 | D:1      | Reached XP level 2. HP: 20/20 MP: 0/5
  1151 | D:1      | Reached XP level 3. HP: 26/26 MP: 3/6
  1877 | D:2      | Reached skill level 4 in Air Magic
  1926 | D:2      | Learned a level 2 spell: Repel Missiles
  2586 | D:3      | Reached XP level 4. HP: 33/33 MP: 1/8
  3755 | D:4      | Noticed an ogre
  3772 | D:3      | HP: 1/33 [poisoned by a worker ant]
  3773 | D:3      | Succumbed to a worker ant's poison

Skill      XL: |  1  2  3  4 |
---------------+-------------+-----
Air Magic      | 4 |  4.9
Spellcasting   | 3 |  3.1
Dodging        | |  1.8
Stealth        | |  1.7
Conjurations   | |  1.1

Action                   |  1- 3 |  4- 6 || total
-------------------------+-------+-------++-------
Melee: Hand axe          |     6 |       ||     6
Throw: Stone             |     2 |       ||     2
 Cast: Shock             |   100 |    67 ||   167
  Eat: Chunk             |     6 |     4 ||    10
Armor: Skin              |     9 |     7 ||    16
Dodge: Dodged            |    11 |    17 ||    28
